 Dungeon Crawl Stone Soup version 0.31-a0-506-g3d79149578 (webtiles) character file.

Game seed: 2739846075427378268

56 Ethylacetat the Ducker (level 3, -3/25 HPs)
             Began as an Octopode Gladiator on Aug 8, 2023.
             Slain by Sigmund
             ... wielding a +4 vampiric scythe
              (9 damage)
             ... on level 2 of the Dungeon.
             The game lasted 00:02:08 (1271 turns).

Ethylacetat the Ducker (Octopode Gladiator)         Turns: 1271, Time: 00:02:09

Health: -3/25      AC:  1    Str: 13    XL:     3   Next: 97%
Magic:  3/3        EV: 14    Int: 10    God:
Gold:   90         SH:  0    Dex: 15    Spells: 2/2 levels left

rFire   . . .        a - +0 long sword
rCold   . . .        (no shield)
rNeg    . . .        b - +0 hat
rPois   .            h - amulet of magic regeneration
rElec   .            (no ring)
rCorr   .            (no ring)
SInv    .            (no ring)
Will    .....        (no ring)
Stlth   +++          (no ring)
HPRegen 0.24/turn    (no ring)
MPRegen 0.48/turn    (no ring)
                     (no ring)

%: no passive effects
@: no status effects
A: almost no armour, amphibious, 8 rings, camouflage 1, gelatinous body 1,
(nimble swimmer 1), tentacles
a: no special abilities


You were on level 2 of the Dungeon.
You visited 1 branch of the dungeon, and saw 2 of its levels.

You collected 90 gold pieces.

Inventory:

Hand Weapons
 a - a +0 long sword (weapon)
 n - a +0 sling
Missiles
 c - 4 throwing nets (quivered)
 d - a javelin
Armour
 b - a +0 hat (worn)
Jewellery
 h - an amulet of magic regeneration (around mantle)
Scrolls
 e - a scroll of blinking {unknown}
 g - a scroll of identify {unknown}
 i - a scroll of vulnerability {unknown}
 l - a scroll of teleportation {unknown}
Potions
 f - a potion of mutation {unknown}
 j - a potion of magic {unknown}
 k - a potion of lignification {unknown}
 m - a potion of might {unknown}


   Skills:
 + Level 2.6 Fighting
 + Level 3.4 Long Blades
 + Level 0.3 Ranged Weapons
 - Level 2.0 Throwing
 + Level 3.5 Dodging
 + Level 2.0 Stealth


You had 2 spell levels left.
You didn't know any spells.
Your spell library contained the following spells:

 Spells                   Type           Power      Damage    Failure   Level
 Slow                     Hex            0%         N/A       36%         1
 Confusing Touch          Hex            0%         N/A       75%         3
 Vampiric Draining        Necr           0%         2d6       75%         3


Dungeon Overview and Level Annotations

Branches:
Dungeon (2/15)

Altars:

Annotations:
D:2 Sigmund


Innate Abilities, Weirdness & Mutations

You cannot wear most types of armour.
You are amphibious.
You can wear up to eight rings at the same time.
Your skin changes colour to match your surroundings (Stealth+).
Your rubbery body absorbs attacks. (AC +1, EV +1)
((You are camouflaged when in or above water. (Stealth+)))
You have tentacles for arms and can constrict up to eight enemies at once.


Message History

A hobgoblin comes into view.
A hobgoblin is nearby!
The hobgoblin shouts!
You hear a shout!
Sigmund the Dreaded comes into view.
He is wielding a +4 vampiric scythe and wearing a +1 robe of cold resistance.
A rat comes into view.
The hobgoblin misses you.
You hit the hobgoblin.
You kill the hobgoblin!
Sigmund mumbles some strange words.
Sigmund flickers and vanishes!
Deactivating autopickup; reactivate with Ctrl-A.
You hear a shout!
n - a +0 sling (weapon)
You aren't carrying any items that you can evoke.
Fire: n) +0 sling
Press: ? - help, Q - select action, (/) - cycle Shift-Dir - straight line, f - rat
Aim: a rat (56% to hit)
You shoot a sling bullet.
The sling bullet closely misses the rat.
Fire: n) +0 sling
Press: ? - help, Q - select action, (/) - cycle Shift-Dir - straight line, f/p - rat
Aim: a rat (56% to hit)
You shoot a sling bullet. The sling bullet barely misses the rat.
The rat bites you but does no damage. The rat barely misses you.
Fire: n) +0 sling
Press: ? - help, Q - select action, (/) - cycle Shift-Dir - straight line, f/p - rat
Aim: a rat (56% to hit)
You shoot a sling bullet. The sling bullet hits the rat.
You kill the rat!
a - a +0 long sword (weapon)
You hear some strange, mumbled words.
Something tries to affect you, but you resist.
Unknown command.
A magic dart appears from out of thin air!
The magic dart hits you! Something hits you!
You hit something but do no damage. Something hits you.
* * * LOW HITPOINT WARNING * * *
You completely miss something. Something hits you!
You die...

###
##########.#
#........@.#
#.########{#
#.########.###
#.##.........#
#.##.#####.#.#
#.# #.#.# #.#
#.#+# #.# #..
#.# #..


There were no monsters in sight!

Vanquished Creatures
  Robin (D:2)
  A worm (D:2)
  A dart slug (D:2)
  A ball python (D:2)
  2 endoplasms
  2 giant cockroaches (D:1)
  8 goblins
  5 hobgoblins
  4 jackals (D:1)
  2 kobolds (D:1)
  A quokka (D:1)
  3 bats
  2 rats
33 creatures vanquished.

Notes
Turn   | Place    | Note
-------+----------+-------------------------------------------
     0 | D:1      | Ethylacetat the Octopode Gladiator began the quest for the
                  | Orb.
     0 | D:1      | Reached XP level 1. HP: 14/14 MP: 1/1
   264 | D:1      | Reached XP level 2. HP: 19/19 MP: 2/2
   302 | D:1      | Reached skill level 1 in Stealth
   915 | D:2      | Reached XP level 3. HP: 16/25 MP: 3/3
   934 | D:2      | Noticed Robin
   939 | D:2      | Killed Robin
  1253 | D:2      | Noticed Sigmund
  1271 | D:2      | Slain by Sigmund

Illustrated notes

Levels and vault maps discovered:
D:1:      roderic_chinese_lattice_arrival, layout_loops_corners, st_stairs_12,
          minivault_4
D:2:      kb_forest_paths, layout_basic, uniq_robin, uniq_jessica, uniq_sigmund

Skill      XL: |  1  2  3 |
---------------+----------+-----
Stealth        | 1 2 |  2.0
Fighting       | |  2.6
Long Blades    | |  3.4
Ranged Weapons | |  0.3
Throwing       | |  2.0
Dodging        | |  3.5

Action                     || total
---------------------------++-------
  Melee: Long sword        ||    50
         Constrict         ||    13
         Tentacles         ||     8
         Punch             ||     1
   Fire: Sling             ||    37
   Stab: Sleeping          ||     1
 Armour: Skin              ||    12
  Dodge: Dodged            ||    59

Table legend: (Time is in decaauts)
 A = Elapsed time spent in this place.
 B = Non-inter-level travel time spent in this place.
 C = Inter-level travel time spent in this place.
 D = Time resting spent in this place.
 E = Time spent auto-exploring this place.
 F = Levels seen in this place.
 G = Mean time per level.
                   A        B        C        D        E       F      G
               +--------+--------+--------+--------+--------+-----+--------+
         Total |   1295 |   1254 |     41 |      0 |   1034 |   2 |  647.5 |
       Dungeon |   1295 |   1254 |     41 |      0 |   1034 |   2 |  647.5 |
               +--------+--------+--------+--------+--------+-----+--------+

Top non-repeatable levels by time:
     D:1: 912 daAuts
     D:2: 382 daAuts
